[Event "ESTCC U65 2018"]
[Site "Walbrzych"]
[Date "2018.04.20"]
[Round "7"]
[White "Scrimgour, Alan"]
[Black "Hohler, Peter"]
[Result "1/2-1/2"]
[ECO "C24"]
[WhiteElo "2083"]
[BlackElo "2076"]
[Annotator "NA"]
[PlyCount "33"]
[EventDate "2018.??.??"]
[EventCountry "POL"]
[SourceTitle "playchess.com"]
[Source "ChessBase"]
[SourceQuality "1"]
[WhiteTeam "Scotland"]
[BlackTeam "Switzerland"]
[WhiteTeamCountry "SCO"]
[BlackTeamCountry "SUI"]
[TimeControl "40/5400+30:1800+30"]

1. e4 e5 2. f4 exf4 3. Bc4 Nf6 4. Nc3 c6 5. d4 d5 6. exd5 cxd5 7. Bb3 Nc6 8. Bxf4 Bb4 9. Nge2 Ne4 10. O-O Bxc3 $1 11. Nxc3 $11 Nxc3 12. bxc3 O-O 13. Qh5 Be6 14. Rae1 Qd7 15. Re3 Rad8 16. Ba4 f6 17. Qe2 1/2-1/2

[Event "ESTCC U65 2018"]
[Site "Walbrzych"]
[Date "2018.04.20"]
[Round "7"]
[White "Koskinen, Veikko"]
[Black "Vehkalahti, Veli"]
[Result "1/2-1/2"]
[ECO "B07"]
[WhiteElo "2012"]
[BlackElo "1880"]
[Annotator "NA"]
[PlyCount "39"]
[EventDate "2018.??.??"]
[EventCountry "POL"]
[SourceTitle "playchess.com"]
[Source "ChessBase"]
[SourceQuality "1"]
[WhiteTeam "Finland"]
[BlackTeam "Finland"]
[WhiteTeamCountry "FIN"]
[BlackTeamCountry "FIN"]
[TimeControl "40/5400+30:1800+30"]

1. e4 d6 2. d4 Nf6 3. Nc3 Nbd7 4. Be3 e5 5. Nf3 {[%emt 0:15:43] LiveBook: 14 Games} Be7 6. h3 c6 7. a4 Qc7 8. Be2 O-O 9. O-O Re8 10. Nd2 a6 11. a5 exd4 12. Bxd4 c5 13. Be3 b5 14. axb6 Nxb6 15. Bf4 Bb7 $14 16. Bf3 Nfd7 17. Nd5 Bxd5 18. exd5 Bf6 19. c3 Be5 20. Bxe5 1/2-1/2

[Event "ESTCC U65 2018"]
[Site "Walbrzych"]
[Date "2018.04.20"]
[Round "7"]
[White "Carlsten, Peter"]
[Black "Olesen, Poul Erik Norgaard"]
[Result "1-0"]
[ECO "B06"]
[WhiteElo "2010"]
[BlackElo "2005"]
[Annotator "NA"]
[PlyCount "54"]
[EventDate "2018.??.??"]
[EventCountry "POL"]
[SourceTitle "playchess.com"]
[Source "ChessBase"]
[SourceQuality "1"]
[WhiteTeam "Sweden"]
[BlackTeam "Denmark"]
[WhiteTeamCountry "SWE"]
[BlackTeamCountry "DEN"]
[TimeControl "40/5400+30:1800+30"]

1. e4 g6 2. d4 Bg7 3. Nc3 d6 4. Be3 a6 5. Qd2 Nd7 6. f3 c6 7. g4 b5 8. h4 Qc7 9. h5 Nb6 10. hxg6 hxg6 11. Rxh8 Bxh8 12. b3 Bb7 13. a4 b4 14. Nd1 a5 15. Rc1 Nf6 16. c3 bxc3 $16 17. Nxc3 Nfd7 18. Nh3 e5 19. d5 Nc5 20. dxc6 Bxc6 21. Nb5 Bxb5 22. Bxb5+ Ke7 23. Qc3 Rc8 24. Qxa5 Nbd7 25. Qc3 Bg7 26. b4 Rh8 27. Nf2 Bf8 1-0

[Event "ESTCC U65 2018"]
[Site "Walbrzych"]
[Date "2018.04.20"]
[Round "7"]
[White "Rantanen, Veikko"]
[Black "Patola, Eero"]
[Result "1/2-1/2"]
[ECO "A38"]
[WhiteElo "2007"]
[BlackElo "1823"]
[Annotator "NA"]
[PlyCount "52"]
[EventDate "2018.??.??"]
[EventCountry "POL"]
[SourceTitle "playchess.com"]
[Source "ChessBase"]
[SourceQuality "1"]
[WhiteTeam "Finland"]
[BlackTeam "Finland"]
[WhiteTeamCountry "FIN"]
[BlackTeamCountry "FIN"]
[TimeControl "40/5400+30:1800+30"]

1. c4 c5 2. Nc3 Nc6 3. Nf3 Nf6 4. g3 g6 5. Bg2 Bg7 6. O-O O-O 7. e3 d5 8. cxd5 {A38: Symmetrical English vs ...g6: 4 Bg2 Bg7 5 Nf3 Nf6} Nb4 (8... Nxd5 9. Nxd5 Qxd5 10. d4 Rd8 11. Qa4 Bd7 12. Qa3 cxd4 13. Nxd4 Qe5 14. Bd2 Nxd4 15. exd4 Qxd4 16. Bc3 Qa4 17. Qxe7 Bxc3 18. bxc3 {½-½ (72) Dimakiling,O (2404)-Li,B (2364) Hong Kong 2016}) 9. d4 cxd4 10. Nxd4 Nbxd5 11. Nxd5 Nxd5 12. Qb3 $146 ({Predecessor:} 12. e4 Nf6 13. Nb5 Bg4 14. f3 Be6 15. Rb1 Qb6+ 16. Kh1 Rad8 17. Qe2 Bc4 {1-0 (17) Pohl,M-Becker,N Wilhelmshaven 1998}) 12... e6 13. Rd1 Qb6 14. Qxb6 Nxb6 15. Bd2 Bxd4 16. exd4 Rd8 17. Bh6 f6 18. h4 Kf7 19. Rac1 $14 Nd5 20. a3 Ke7 21. Bxd5 Rxd5 22. Rc7+ Rd7 23. Rdc1 Kd8 24. Bf4 b6 25. Rxd7+ Bxd7 26. Kf1 Rc8 1/2-1/2

[Event "ESTCC U65 2018"]
[Site "Walbrzych"]
[Date "2018.04.20"]
[Round "7"]
[White "Lundgren, Ulf"]
[Black "Pushkov, Nikolai"]
[Result "1/2-1/2"]
[ECO "E34"]
[WhiteElo "1989"]
[BlackElo "2304"]
[Annotator "NA"]
[PlyCount "67"]
[EventDate "2018.??.??"]
[EventCountry "POL"]
[SourceTitle "playchess.com"]
[Source "ChessBase"]
[SourceQuality "1"]
[WhiteTeam "Sweden"]
[BlackTeam "Russia"]
[WhiteTeamCountry "SWE"]
[BlackTeamCountry "RUS"]
[TimeControl "40/5400+30:1800+30"]

1. d4 Nf6 2. c4 e6 3. Nc3 Bb4 4. Qc2 d5 5. Bg5 h6 6. Bxf6 Qxf6 7. e3 O-O 8. Nf3 c5 {[%emt 0:07:00] D38: Queen's Gambit Declined: Ragozin Defence (4 Nf3 Bb4)} (8... dxc4 9. Bxc4 c5 10. O-O cxd4 11. Nxd4 {½-½ (11) Amin,B (2689)-Leko,P (2691) Riadh 2017}) 9. a3 cxd4 10. axb4 dxc3 11. Qxc3 Qxc3+ 12. bxc3 dxc4 13. Bxc4 Bd7 14. Be2 $146 ({Predecessor:} 14. Ne5 Rc8 15. Ra3 Be8 16. Bd3 {0-1 (76) Gasparian,T (2208)-Mkrtchian,L (2401) Yerevan 2017}) 14... Rc8 15. c4 Na6 16. Rb1 f6 17. O-O Kf7 18. Rfc1 e5 19. Nd2 Nc7 20. Ne4 Ke7 21. Nc5 Bf5 22. e4 b6 23. exf5 bxc5 24. b5 Ne8 25. Bf3 Rab8 26. Ra1 Rc7 27. Bd5 Nd6 28. g4 Rd8 29. Rd1 Nc8 30. Be6 Rxd1+ 31. Rxd1 $2 Nd6 32. Bd5 (32. Ra1 $16) 32... Nc8 33. Be6 (33. Kg2 $18) 33... Nd6 34. Bd5 $11 1/2-1/2

[Event "ESTCC U65 2018"]
[Site "Walbrzych"]
[Date "2018.04.20"]
[Round "7"]
[White "Tichatschke, Wolfgang"]
[Black "Gustavsson, Bo"]
[Result "1/2-1/2"]
[ECO "B18"]
[WhiteElo "1967"]
[BlackElo "1915"]
[Annotator "NA"]
[PlyCount "31"]
[EventDate "2018.??.??"]
[EventCountry "POL"]
[SourceTitle "playchess.com"]
[Source "ChessBase"]
[SourceQuality "1"]
[WhiteTeam "Germany"]
[BlackTeam "Sweden"]
[WhiteTeamCountry "GER"]
[BlackTeamCountry "SWE"]
[TimeControl "40/5400+30:1800+30"]

1. e4 c6 2. d4 d5 3. Nc3 dxe4 4. Nxe4 Bf5 5. Ng3 Bg6 6. Nf3 Nf6 7. Bd3 e6 8. O-O Be7 9. Bg5 Nbd7 10. Re1 O-O 11. Ne5 Bxd3 12. Nxd3 Nd5 13. Bxe7 Nxe7 14. c3 Nf6 $11 15. Qe2 Ng6 16. Ne5 1/2-1/2

[Event "ESTCC U65 2018"]
[Site "Walbrzych"]
[Date "2018.04.20"]
[Round "7"]
[White "Ranki, Martti"]
[Black "Lindholm, Pertti"]
[Result "1/2-1/2"]
[ECO "E21"]
[WhiteElo "1942"]
[BlackElo "1624"]
[Annotator "NA"]
[PlyCount "74"]
[EventDate "2018.??.??"]
[EventCountry "POL"]
[SourceTitle "playchess.com"]
[Source "ChessBase"]
[SourceQuality "1"]
[WhiteTeam "Finland"]
[BlackTeam "Finland"]
[WhiteTeamCountry "FIN"]
[BlackTeamCountry "FIN"]
[TimeControl "40/5400+30:1800+30"]

1. d4 Nf6 2. c4 e6 3. Nc3 Bb4 4. Nf3 d5 5. a3 Bxc3+ 6. bxc3 dxc4 {[%emt 0:01:53] LiveBook: 7 Games} 7. Qa4+ {[%emt 0:00:20] D38: Queen's Gambit Declined: Ragozin Defence (4 Nf3 Bb4)} (7. e3 c5 8. Bxc4 Qc7 9. Be2 O-O 10. Bb2 b6 11. c4 cxd4 12. exd4 Nbd7 13. O-O Bb7 14. Re1 Rac8 {0-1 (24) Ivanchuk,V (2710)-Wojtaszek,R (2727) Huaian 2016}) 7... Nc6 8. Qxc4 O-O 9. Bg5 Qd5 10. Qxd5 $146 ({Predecessor:} 10. Qd3 Ne4 11. Bf4 Rd8 12. Bxc7 Rd7 13. c4 Qf5 14. Be5 {½-½ (14) Parrell Ferrer,R-Albert Garrote,A Valencia 1996}) 10... Nxd5 11. Rc1 f6 12. Bd2 e5 13. c4 Nb6 14. c5 Nd5 15. e4 Nde7 16. Bc4+ Kh8 17. d5 Nd8 18. O-O Bg4 19. Ne1 Ng6 20. f3 Bd7 $18 21. Nd3 b5 22. Ba2 c6 23. f4 exf4 24. Nxf4 Nxf4 25. Bxf4 Re8 26. Rce1 Nb7 27. Bd6 a5 28. Rf4 Nxd6 29. cxd6 cxd5 30. Bxd5 Ra6 31. Bf7 Rc8 32. e5 fxe5 33. Rxe5 Rxd6 34. Be8 h6 35. Bxd7 Rxd7 36. Rxb5 g5 37. Rf1 Rdc7 1/2-1/2

[Event "ESTCC U65 2018"]
[Site "Walbrzych"]
[Date "2018.04.20"]
[Round "7"]
[White "Gromark, Per-Olof"]
[Black "Baumbach, Friedrich"]
[Result "0-1"]
[ECO "A06"]
[WhiteElo "1901"]
[BlackElo "2172"]
[Annotator "NA"]
[PlyCount "26"]
[EventDate "2018.??.??"]
[EventCountry "POL"]
[SourceTitle "playchess.com"]
[Source "ChessBase"]
[SourceQuality "1"]
[WhiteTeam "Sweden"]
[BlackTeam "Germany"]
[WhiteTeamCountry "SWE"]
[BlackTeamCountry "GER"]
[TimeControl "40/5400+30:1800+30"]

1. Nf3 d5 2. e3 Nf6 3. c4 e6 4. Nc3 Be7 5. b3 O-O 6. Bb2 b6 7. d4 Ba6 8. Bd3 Nbd7 9. cxd5 Bxd3 10. dxe6 Ba6 11. exd7 Qxd7 12. Ne5 Qf5 $11 13. Qf3 Qc2 0-1

[Event "ESTCC U65 2018"]
[Site "Walbrzych"]
[Date "2018.04.20"]
[Round "7"]
[White "Karppinen, Martti"]
[Black "Lehtosaari, Kalevi"]
[Result "0-1"]
[ECO "A30"]
[WhiteElo "1894"]
[BlackElo "1964"]
[Annotator "NA"]
[PlyCount "106"]
[EventDate "2018.??.??"]
[EventCountry "POL"]
[SourceTitle "playchess.com"]
[Source "ChessBase"]
[SourceQuality "1"]
[WhiteTeam "Finland"]
[BlackTeam "Finland"]
[WhiteTeamCountry "FIN"]
[BlackTeamCountry "FIN"]
[TimeControl "40/5400+30:1800+30"]

1. c4 c5 2. g3 Nc6 3. Bg2 Nf6 4. Nf3 e5 5. d3 d6 6. O-O Be7 7. Nc3 O-O 8. b3 {[%emt 0:00:46] A34: Symmetrical English: 2 Nc3, lines with ...d5} (8. a3 a5 9. Bg5 Ne8 10. Bd2 Nc7 11. Ne1 Be6 12. Nd5 Rb8 13. Rb1 Bd7 14. Nb6 Bg4 15. Nc2 Ne6 16. Nd5 {½-½ (42) Bacrot,E (2705)-Fressinet,L (2702) Villandry 2012}) 8... Bg4 9. Bb2 Qd7 10. Qd2 $146 ({Predecessor:} 10. a3 h6 11. e3 Qf5 12. Nd5 Nxd5 13. cxd5 Nb8 14. Re1 Qh5 15. Rb1 f5 {0-1 (42) Hirsso,J (1947)-Lehtinen,P (2325) ICCF email 2010}) 10... Rad8 11. Rad1 Rfe8 12. Kh1 Bh3 13. Ng5 Bxg2+ 14. Kxg2 h6 (14... d5 $15) 15. Nge4 Nd4 16. Nxf6+ Bxf6 17. Nd5 Bg5 18. e3 h5 19. Qc3 Nf5 20. Rde1 Qc6 21. Kg1 Bh6 22. f4 Qd7 23. Kf2 Ne7 24. Nxe7+ Rxe7 25. Kg2 Qg4 26. h3 Qd7 27. f5 d5 28. Bc1 e4 29. dxe4 Rxe4 30. Rd1 d4 31. Qd3 Qc6 32. Kh2 Rde8 33. Rde1 Bxe3 34. Bxe3 Rxe3 35. Qd1 h4 36. Rxe3 Rxe3 37. gxh4 Qe4 38. Qg4 Re2+ 39. Kg1 f6 40. Qxe4 Rxe4 41. Rf3 Rxh4 42. a3 Re4 43. Kf2 $19 Kf7 44. b4 b6 45. bxc5 bxc5 46. Kg3 Ke7 47. a4 Kd6 48. Kg2 Re2+ 49. Kf1 Ra2 50. Rg3 Ke5 51. Rxg7 Rxa4 52. Rc7 Rxc4 53. Rxa7 Kxf5 0-1

[Event "ESTCC U65 2018"]
[Site "Walbrzych"]
[Date "2018.04.20"]
[Round "7"]
[White "Auvinen, Esa"]
[Black "Kauko, Pekka"]
[Result "1-0"]
[ECO "B14"]
[WhiteElo "1888"]
[BlackElo "1961"]
[Annotator "NA"]
[PlyCount "89"]
[EventDate "2018.??.??"]
[EventCountry "POL"]
[SourceTitle "playchess.com"]
[Source "ChessBase"]
[SourceQuality "1"]
[WhiteTeam "Finland"]
[BlackTeam "Finland"]
[WhiteTeamCountry "FIN"]
[BlackTeamCountry "FIN"]
[TimeControl "40/5400+30:1800+30"]

1. e4 c6 2. d4 d5 3. exd5 cxd5 4. c4 Nf6 5. Nc3 e6 6. Nf3 Be7 7. Bd3 O-O 8. O-O a6 {[%emt 0:00:31] B14: Caro-Kann: Panov-Botvinnik Attack with 5...e6 and 5...g6} (8... dxc4 9. Bxc4 Nc6 10. a3 a6 11. Re1 b5 12. Ba2 Bb7 13. Bg5 h6 14. Bh4 Rc8 15. Rc1 Nd5 16. Bg3 Nxc3 17. Rxc3 Na5 18. Rxc8 Qxc8 19. Ne5 Nc6 20. Nxf7 Rxf7 21. Bxe6 {1-0 (37) Rakhmanov,A (2653)-Omar,N (2364) Riadh 2017}) 9. c5 b6 10. cxb6 Qxb6 11. a3 $146 ({Predecessor:} 11. Na4 Qd6 12. Bd2 Bd7 13. Nc5 {0-1 (52) Hoermann,G (2091)-Laibold,L (1854) Nuremberg 2008}) 11... a5 12. Ne5 Ba6 13. a4 Bxd3 14. Qxd3 Nc6 15. Nxc6 Qxc6 16. Nb5 Rfc8 17. Bg5 Qc2 18. Qxc2 Rxc2 19. b3 h6 20. Bf4 g5 21. Bc7 Ne8 $17 22. Rfc1 Rxc1+ 23. Rxc1 Rc8 24. Rc3 Bb4 25. Rc6 f6 26. Kf1 Kf8 27. Rxe6 Kf7 28. Rc6 Ke7 29. Bxa5 Rxc6 30. Bxb4+ Kd7 31. Bc5 Nc7 32. Nxc7 Kxc7 33. Ke2 f5 34. b4 Re6+ 35. Kd2 h5 36. b5 f4 37. a5 g4 38. a6 f3 39. gxf3 gxf3 40. b6+ Kb8 41. Kd3 h4 42. h3 Kc8 43. Kc3 Kd7 44. a7 Re8 45. b7 1-0

[Event "ESTCC U65 2018"]
[Site "Walbrzych"]
[Date "2018.04.20"]
[Round "7"]
[White "Fitzke, Ulrich"]
[Black "Dalling, Peter"]
[Result "1-0"]
[ECO "A52"]
[WhiteElo "1827"]
[BlackElo "1844"]
[Annotator "NA"]
[PlyCount "143"]
[EventDate "2018.??.??"]
[EventCountry "POL"]
[SourceTitle "playchess.com"]
[Source "ChessBase"]
[SourceQuality "1"]
[WhiteTeam "Germany"]
[BlackTeam "Sweden"]
[WhiteTeamCountry "GER"]
[BlackTeamCountry "SWE"]
[TimeControl "40/5400+30:1800+30"]

1. d4 Nf6 2. c4 e5 3. dxe5 Ng4 4. Nf3 Nc6 5. Nc3 Ngxe5 6. Nxe5 Nxe5 7. e3 {[%emt 0:00:33] A52: Budapest Gambit} d6 (7... Bb4 8. Bd2 c6 9. Be2 O-O 10. O-O Re8 11. f4 Ng6 12. f5 Ne5 13. f6 g6 14. Qe1 d5 15. cxd5 cxd5 {1-0 (34) Fedoseev,V (2665)-Savchenko,B (2613) Sochi 2016}) 8. Be2 Be6 9. b3 Be7 10. O-O O-O 11. Bb2 $146 ({Predecessor:} 11. f4 Nc6 12. Bb2 Qd7 13. Bf3 f5 {1-0 (43) Andersen,N (1948)-Kjaer,J (1937) Copenhagen 2012}) 11... Qd7 12. Nd5 Rad8 13. Qd2 Rfe8 14. Rfd1 Bxd5 15. Qxd5 c6 16. Qd2 Qf5 17. Bd3 ({White should play} 17. Qd4 $16) 17... Qg4 18. Qe2 Qh4 19. Rd2 Bf6 20. Rad1 Ng4 21. h3 Ne5 22. Bb1 Be7 23. c5 Nd7 24. cxd6 Bf8 25. Rd4 Qh6 26. g3 Qg5 27. h4 Qh6 28. Ba3 Re6 29. Bf5 Ree8 30. Qg4 Nf6 31. Qh3 Nd5 32. d7 Re5 33. Bxf8 Kxf8 34. g4 Qf6 35. Bd3 Qe7 36. Bc4 Nc3 37. R1d2 Ne4 38. R2d3 Nc5 39. Rd1 Ne4 40. g5 Nc3 41. Ra1 b5 42. Bf1 Nd5 43. Rc1 Re6 44. Bxb5 Nxe3 45. Rxc6 Rxc6 46. Bxc6 Qc5 47. Qxe3 Qxc6 48. Qd3 g6 49. Rd5 Qc1+ 50. Kg2 Qc6 51. Kg3 Qc7+ 52. f4 Qc1 $18 53. Qd4 Qe1+ 54. Kf3 Qh1+ 55. Ke2 Qg2+ 56. Kd3 Qf1+ 57. Kc3 Qe1+ 58. Kc4 Qc1+ 59. Kb4 Rb8+ 60. Ka4 Qc6+ 61. Ka3 Qa6+ 62. Qa4 Qb6 63. Qa5 Ke7 64. Qxb6 axb6 65. d8=Q+ Rxd8 66. Rxd8 Kxd8 67. Kb4 Kc7 68. Kb5 Kb7 69. b4 Kc7 70. Kc4 Kc6 71. a4 Kc7 72. Kd5 1-0

[Event "ESTCC U65 2018"]
[Site "Walbrzych"]
[Date "2018.04.20"]
[Round "7"]
[White "Andersson, Kenneth"]
[Black "Fernengel, Rudolf"]
[Result "0-1"]
[ECO "A05"]
[WhiteElo "1763"]
[BlackElo "1789"]
[Annotator "NA"]
[PlyCount "48"]
[EventDate "2018.??.??"]
[EventCountry "POL"]
[SourceTitle "playchess.com"]
[Source "ChessBase"]
[SourceQuality "1"]
[WhiteTeam "Sweden"]
[BlackTeam "Germany"]
[WhiteTeamCountry "SWE"]
[BlackTeamCountry "GER"]
[TimeControl "40/5400+30:1800+30"]

1. Nf3 Nf6 2. d4 e6 3. g3 d5 4. Bg2 Nbd7 5. Nc3 Bb4 6. O-O O-O 7. Bd2 c6 8. Re1 Re8 9. a3 Ba5 10. b4 Bc7 11. e3 e5 12. dxe5 Nxe5 13. Nxe5 Bxe5 14. Rb1 Bg4 15. Bf3 Qd7 16. Bxg4 Nxg4 17. Qf3 Bc7 18. Rbd1 Ne5 19. Qg2 Qf5 20. f4 Nc4 21. Bc1 Bb6 22. Kf2 Qxc2+ 23. Ne2 Bxe3+ 24. Kf3 Qe4+ 0-1

[Event "ESTCC U65 2018"]
[Site "Walbrzych"]
[Date "2018.04.20"]
[Round "7"]
[White "Heikkila, Raine"]
[Black "Alkkiomaki, Jyrki"]
[Result "0-1"]
[ECO "D00"]
[WhiteElo "1705"]
[BlackElo "1967"]
[Annotator "NA"]
[PlyCount "86"]
[EventDate "2018.??.??"]
[EventCountry "POL"]
[SourceTitle "playchess.com"]
[Source "ChessBase"]
[SourceQuality "1"]
[WhiteTeam "Finland"]
[BlackTeam "Finland"]
[WhiteTeamCountry "FIN"]
[BlackTeamCountry "FIN"]
[TimeControl "40/5400+30:1800+30"]

1. d4 d5 2. Nc3 Nf6 3. Nf3 e6 4. a3 c5 {[%emt 0:00:31] D00: 1 d4 d5: Unusual lines} 5. Bg5 Nc6 6. e3 Be7 7. dxc5 Bxc5 8. Bb5 $146 ({Predecessor:} 8. Bd3 O-O 9. O-O Be7 10. e4 d4 11. Na2 e5 12. Nb4 Nd7 {1-0 (36) Rapport,R (2693)-Radjabov,T (2739) Reykjavik 2015}) 8... Bd7 9. O-O Be7 10. Ne2 a6 11. Ba4 O-O 12. c3 Rc8 13. Bc2 Re8 14. h3 Qc7 15. Bf4 e5 16. Bg5 Be6 17. Rc1 Na5 18. Bh4 Nc4 19. Rb1 h6 20. Bg3 Bd6 21. Nd2 b5 22. Nxc4 bxc4 23. Bh4 Be7 24. Bg3 Nd7 (24... Ne4 $15) 25. Ba4 Red8 26. Nd4 Nc5 27. Nxe6 Nxe6 $15 28. Bc2 g6 29. Qg4 h5 30. Qe2 Bf6 31. Rfd1 Qc6 32. Rd2 d4 33. exd4 exd4 34. Be4 Qc5 35. Bxg6 dxc3 36. Rxd8+ Nxd8 37. Bxh5 cxb2 38. Bg4 c3 39. Qc2 Rc6 40. a4 Ne6 41. Bxe6 Rxe6 42. Kh2 Qc4 43. f4 Qe4 0-1

[Event "ESTCC U65 2018"]
[Site "Walbrzych"]
[Date "2018.04.21"]
[Round "8"]
[White "Kierzek, Matthias"]
[Black "Ruotanen, Helge"]
[Result "1-0"]
[ECO "A42"]
[WhiteElo "2272"]
[BlackElo "1921"]
[Annotator "NA"]
[PlyCount "35"]
[EventDate "2018.??.??"]
[EventCountry "POL"]
[SourceTitle "playchess.com"]
[Source "ChessBase"]
[SourceQuality "1"]
[WhiteTeam "Germany"]
[BlackTeam "Finland"]
[WhiteTeamCountry "GER"]
[BlackTeamCountry "FIN"]
[TimeControl "40/5400+30:1800+30"]

1. d4 g6 2. c4 Bg7 3. e4 d6 4. Nc3 Nc6 5. d5 Nd4 6. Be3 c5 7. Nge2 Nxe2 8. Bxe2 h5 9. h3 Bxc3+ 10. bxc3 e5 11. Qd2 Nf6 12. Bg5 Kf8 13. f4 Kg7 14. fxe5 dxe5 15. Rf1 Nxe4 16. Bxd8 Nxd2 17. Bf6+ Kg8 18. Kxd2 $18 1-0

[Event "ESTCC U65 2018"]
[Site "Walbrzych"]
[Date "2018.04.21"]
[Round "8"]
[White "Kolbak, Jens"]
[Black "Just, Joachim"]
[Result "1/2-1/2"]
[ECO "C00"]
[WhiteElo "2213"]
[BlackElo "1928"]
[Annotator "NA"]
[PlyCount "50"]
[EventDate "2018.??.??"]
[EventCountry "POL"]
[SourceTitle "playchess.com"]
[Source "ChessBase"]
[SourceQuality "1"]
[WhiteTeam "Denmark"]
[BlackTeam "Germany"]
[WhiteTeamCountry "DEN"]
[BlackTeamCountry "GER"]
[TimeControl "40/5400+30:1800+30"]

1. e4 e6 2. Qe2 Be7 3. b3 b6 4. Bb2 Nf6 5. e5 Nd5 6. c4 Nb4 7. d4 Bb7 8. a3 N4a6 9. Nc3 d6 10. Rd1 Nd7 11. Nf3 Qc8 12. exd6 cxd6 13. Qe3 $14 Nc7 14. Be2 Nf6 15. O-O Qd7 16. Rfe1 h6 17. Bd3 Kf8 18. b4 Nce8 19. h3 Rc8 20. Bf1 Rg8 21. Nd2 g5 22. Nb5 Ba8 23. Nc3 Bb7 24. Be2 Ng7 25. Bf3 Nf5 1/2-1/2

[Event "ESTCC U65 2018"]
[Site "Walbrzych"]
[Date "2018.04.21"]
[Round "8"]
[White "Vinke, Dietmar"]
[Black "Hammar, Bengt"]
[Result "1/2-1/2"]
[ECO "D85"]
[WhiteElo "2170"]
[BlackElo "2133"]
[Annotator "NA"]
[PlyCount "150"]
[EventDate "2018.??.??"]
[EventCountry "POL"]
[SourceTitle "playchess.com"]
[Source "ChessBase"]
[SourceQuality "1"]
[WhiteTeam "Finland"]
[BlackTeam "Sweden"]
[WhiteTeamCountry "FIN"]
[BlackTeamCountry "SWE"]
[TimeControl "40/5400+30:1800+30"]

1. d4 Nf6 2. c4 g6 3. Nc3 d5 4. cxd5 Nxd5 5. Bd2 Bg7 6. Nf3 O-O 7. e3 c5 8. Rc1 cxd4 9. Nxd4 {[%emt 0:16:19] LiveBook: 3 Games} e5 $11 10. Nf3 Nb4 11. a3 Nd3+ 12. Bxd3 Qxd3 13. Qe2 Qxe2+ 14. Nxe2 b6 15. O-O Ba6 16. Rfe1 Nd7 17. Ng3 Rfc8 18. Rxc8+ Rxc8 19. Rc1 Rxc1+ 20. Bxc1 Nc5 21. b4 Nd3 22. Bd2 f5 23. Bc3 Bf6 24. Nd2 Kf7 25. f3 Bb5 26. Nh1 Bg5 27. Nf1 Ke6 28. g3 Nc1 29. Bb2 Nd3 30. Bc3 Kd5 31. f4 Be7 32. Nd2 g5 33. Nf2 exf4 34. exf4 Nc1 35. Be5 a5 36. bxa5 bxa5 37. Bc7 a4 38. Nb1 gxf4 39. gxf4 Nd3 40. Nc3+ Kc4 41. Nxb5 Nxf2 42. Nd6+ Bxd6 43. Bxd6 Ne4 44. Bf8 Kb3 45. Kg2 Nd2 46. Kh3 Nc4 47. Kh4 Nxa3 48. Kg5 Nc2 49. Kxf5 Nb4 50. Ke6 a3 51. f5 a2 52. Bg7 Nd3 53. Ba1 Kc2 54. f6 Kb1 55. f7 Kxa1 56. f8=Q Kb2 57. Qf6+ Kb1 58. Qc3 Nc1 59. Qb4+ Kc2 60. Qe4+ Kb2 61. Qxh7 a1=Q 62. Qg7+ Kb1 63. Qxa1+ Kxa1 64. h4 Ne2 65. Kf5 Kb2 66. Kg4 Nd4 67. h5 Ne6 68. h6 Nf8 69. Kf5 Kc3 70. Kf6 Kd4 71. Kg7 Ne6+ 72. Kf7 Ke5 73. h7 Ng5+ 74. Kg6 Nxh7 75. Kxh7 Ke4 1/2-1/2

[Event "ESTCC U65 2018"]
[Site "Walbrzych"]
[Date "2018.04.21"]
[Round "8"]
[White "Malmdin, Nils-Ake"]
[Black "Hurme, Harri"]
[Result "1/2-1/2"]
[ECO "C47"]
[WhiteElo "2154"]
[BlackElo "2229"]
[Annotator "NA"]
[PlyCount "128"]
[EventDate "2018.??.??"]
[EventCountry "POL"]
[SourceTitle "playchess.com"]
[Source "ChessBase"]
[SourceQuality "1"]
[WhiteTeam "Sweden"]
[BlackTeam "Finland"]
[WhiteTeamCountry "SWE"]
[BlackTeamCountry "FIN"]
[TimeControl "40/5400+30:1800+30"]

1. e4 e5 2. Nf3 Nc6 3. Nc3 Nf6 4. a3 Be7 5. d4 exd4 6. Nxd4 O-O 7. Be2 d5 8. Nxc6 bxc6 9. e5 Nd7 10. Bf4 Re8 11. Qd2 $15 Nf8 12. O-O Ng6 13. Bg3 f6 14. exf6 Bxf6 15. Rfe1 Be6 16. Na4 Bf7 17. Qa5 Be5 18. Bxe5 Rxe5 19. Bf1 Qd6 20. Rxe5 Nxe5 21. Qb4 Bg6 22. Qxd6 cxd6 23. Rc1 Re8 24. b3 Nd7 25. Nb2 Kf7 26. Bd3 c5 27. Bxg6+ Kxg6 28. Kf1 Kf5 29. Rd1 Nb6 30. Re1 Rxe1+ 31. Kxe1 d4 32. Kd2 d5 33. Nd3 c4 34. Nc1 Nd7 35. Ne2 Ke5 36. Nc1 Nc5 37. f3 a5 38. b4 axb4 39. axb4 Ne6 40. Ne2 g5 41. g3 Nc7 42. f4+ gxf4 43. gxf4+ Ke4 44. f5 c3+ 45. Kd1 Kxf5 46. Nxd4+ Ke4 47. Ne2 Nb5 48. Ke1 d4 49. Kd1 Kf3 50. Ng3 Kg4 51. Ke2 h5 52. Kd3 h4 53. Ne2 Kh3 54. Nxd4 Kxh2 55. Nf3+ Kg3 56. Nxh4 Kxh4 57. Kc4 Nd6+ 58. Kxc3 Kg5 59. Kd4 Kf6 60. Kc5 Ke5 61. Kc6 Nc4 62. b5 Kd4 63. b6 Nxb6 64. Kxb6 Kc3 1/2-1/2

[Event "ESTCC U65 2018"]
[Site "Walbrzych"]
[Date "2018.04.21"]
[Round "8"]
[White "Staechelin, Ruedi"]
[Black "Lisenko, Alexander V"]
[Result "0-1"]
[ECO "B30"]
[WhiteElo "2091"]
[BlackElo "2368"]
[Annotator "NA RC"]
[PlyCount "58"]
[EventDate "2018.??.??"]
[EventCountry "POL"]
[SourceTitle "playchess.com"]
[Source "ChessBase"]
[SourceQuality "1"]
[WhiteTeam "Switzerland"]
[BlackTeam "Russia"]
[WhiteTeamCountry "SUI"]
[BlackTeamCountry "RUS"]
[TimeControl "40/5400+30:1800+30"]

1. e4 c5 2. Nf3 Nc6 3. Bb5 Nf6 4. d3 Qa5+ {[%emt 0:01:54] B30: Sicilian: 2...Nc6 3 Bb5, lines without ...g6} 5. Nc3 Nd4 6. Bc4 b5 7. e5 bxc4 8. exf6 cxd3 9. cxd3 Bb7 $146 ({Predecessor:} 9... gxf6 10. Bd2 Bb7 11. Nxd4 cxd4 12. Ne4 {0-1 (38) Lehmann,K (2336)-Naiditsch,A (2720) Magdeburg 2015}) 10. fxe7 Bxe7 11. O-O Nxf3+ 12. gxf3 O-O 13. Kg2 Qb6 14. Rg1 Qg6+ 15. Kh1 Qh5 16. Ne4 Bc6 17. Bf4 f5 18. Nd2 Bf6 19. Rb1 Rfe8 20. Rg3 h6 21. Qf1 Re6 22. Qg2 $19 Rae8 23. Rg1 g5 24. Be3 d6 25. h4 Kf8 26. Rh3 g4 27. Ne4 gxh3 28. Qg8+ Ke7 29. Qh7+ Qf7 0-1

[Event "ESTCC U65 2018"]
[Site "Walbrzych"]
[Date "2018.04.21"]
[Round "8"]
[White "Scrimgour, Alan"]
[Black "Gromark, Per-Olof"]
[Result "1/2-1/2"]
[ECO "B22"]
[WhiteElo "2083"]
[BlackElo "1901"]
[Annotator "NA"]
[PlyCount "27"]
[EventDate "2018.??.??"]
[EventCountry "POL"]
[SourceTitle "playchess.com"]
[Source "ChessBase"]
[SourceQuality "1"]
[WhiteTeam "Scotland"]
[BlackTeam "Sweden"]
[WhiteTeamCountry "SCO"]
[BlackTeamCountry "SWE"]
[TimeControl "40/5400+30:1800+30"]

1. e4 c5 2. c3 Nf6 3. e5 Nd5 4. d4 cxd4 5. cxd4 e6 6. Nf3 d6 7. Bc4 Be7 8. O-O O-O 9. Qe2 b6 10. Qe4 Ba6 11. Bxa6 Nxa6 12. Bd2 Rc8 13. Nc3 dxe5 $11 14. Nxd5 1/2-1/2